 Dungeon Crawl Stone Soup version 0.19.5 (webtiles) character file.

23909 Inarius the Blocker (level 12, -1/84 HPs)
             Began as a Minotaur Fighter on Apr 19, 2017.
             Was a High Priest of Qazlal.
             Slain by a tentacled starspawn (12 damage)
             ... on level 2 of the Abyss on Apr 20, 2017.
             The game lasted 01:04:10 (15730 turns).

Inarius the Blocker (Minotaur Fighter)             Turns: 15730, Time: 01:04:11

Health: -1/84      AC: 22    Str: 28    XL:     12   Next: 76%
Magic:  11/11      EV: 10    Int:  6    God:    Qazlal [*****.]
Gold:   623        SH: 21    Dex: 18    Spells: 0 memorised, 11 levels left

rFire  . . .     SeeInvis .     P - +2 double sword
rCold  . . .     Gourm    +     v - +0 plate armour
rNeg   . . .     Faith    .     c - +0 shield
rPois  .         Spirit   .     (helmet unavailable)
rElec  .         Reflect  .     (no cloak)
rCorr  .         Harm     .     q - +0 pair of gloves
MR     +....     Clarity  +     L - +1 pair of boots
Stlth  ..........               O - amulet of the gourmand
                                A - ring of protection from magic
                                a - +4 ring of dexterity

@: mighty, protected from physical damage, repel missiles
A: retaliatory headbutt, hooves 1, horns 3, thin skeletal structure 1, blink,
clarity, deterioration 2, frail 2, MP-powered wands
a: Blink, Upheaval, Elemental Force, Disaster Area, Renounce Religion


You were on level 2 of the Abyss.
You worshipped Qazlal.
Qazlal was extremely pleased with you.
You were very hungry.

You visited 1 branch of the dungeon, and saw 12 of its levels.
You visited the Abyss 1 time.

You collected 623 gold pieces.

Inventory:

Hand Weapons
 k - the +1 scimitar of the Elven Halls {drain, Str+5}
   (You acquired it on level 8 of the Dungeon)

   A truly terrible weapon, it drains the life of those it strikes.
   It affects your strength (+5).
 D - the +5 lajatang of Jadinniu {speed, -Tele rF+ rN+++ MR-}
   (You acquired it on level 11 of the Dungeon)

   Attacks with this weapon are significantly faster.
   It protects you from fire.
   It renders you almost immune to negative energy.
   It affects your resistance to hostile enchantments.
   It prevents most forms of teleportation.
 P - a +2 double sword (weapon)
Armour
 c - a +0 shield (worn)
 q - a +0 pair of gloves (worn)
 v - a +0 plate armour (worn)
 L - a +1 pair of boots (worn)
Jewellery
 a - a +4 ring of dexterity (left hand)
 m - an uncursed ring of see invisible
 s - an uncursed ring of ice
 z - an uncursed ring of ice
 A - a ring of protection from magic (right hand)
 N - an uncursed ring of positive energy
 O - an amulet of the gourmand (around neck)
Wands
 b - a wand of enslavement (18/24)
 d - a wand of slowing (34/48)
 r - a wand of lightning (9/15)
 H - a wand of iceblast (11/15)
 I - a wand of flame (12/48)
Scrolls
 e - 2 scrolls of fog
 h - 3 scrolls of teleportation
 i - 2 scrolls of blinking
 n - 6 scrolls of remove curse
 u - a scroll of vulnerability {unknown}
 y - a scroll of recharging
 S - a scroll of identify
Potions
 g - a potion of brilliance
 j - a potion of invisibility {unknown}
 o - 2 potions of cancellation {unknown}
 t - a potion of degeneration {unknown}
 w - 4 potions of agility {unknown}
 x - a potion of haste {unknown}
 C - a potion of cure mutation {unknown}
 E - 2 potions of flight {unknown}
 F - a potion of lignification {unknown}
 G - a potion of berserk rage {unknown}
 R - a potion of ambrosia {unknown}
Comestibles
 f - 7 bread rations
 K - 7 royal jellies


   Skills:
 + Level 9.8 Fighting
   Level 8.3(10.6) Short Blades
 + Level 11.3(12.5) Long Blades
 + Level 5.4 Throwing
 + Level 11.8 Armour
 + Level 3.2 Dodging
 + Level 1.1 Stealth
 + Level 13.9 Shields
 + Level 0.4 Invocations


You had 11 spell levels left.
You didn't know any spells.

Dungeon Overview and Level Annotations

Branches:
Dungeon (12/15)            Temple (0/1) D:7            Lair (0/6) D:8
    Orc: D:9-12

Altars:
Cheibriados
Hepliaklqana
Kikubaaqudgha
Makhleb
Okawaru
Qazlal
Sif Muna
Uskayaw
Vehumet

Shops:
D:11 [

Annotations:
D:5 Prince Ribbit
D:7 exclusion: ice statue
D:12 Sonja


Innate Abilities, Weirdness & Mutations

You reflexively headbutt those who attack you in melee.
You have a pair of large horns on your head.
You have large cloven feet.
You have a somewhat thin skeletal structure. (Dex +2, Stealth)
You can translocate small distances at will.
You possess an exceptional clarity of mind.
[Your body often deteriorates upon taking damage.]
[You are very frail. (-20% HP)]
[You expend magic power (3 MP) to strengthen your wands.]


Message History

* * * LOW HITPOINT WARNING * * *
You feel more protected from physical attacks.
You block the tentacled starspawn's attack.
A wretched star comes into view.
You feel better.
You are feeling very hungry.
The wretched star pulses with an eldritch light!
You feel frail. x2; You feel yourself wasting away.
You feel your body start to fall apart. The tentacled starspawn misses you.
You furiously retaliate!
You headbutt the tentacled starspawn!
You riposte.
You barely miss the tentacled starspawn.
Your headbutt misses the tentacled starspawn.
The tentacled starspawn is severely damaged.
The tentacled starspawn closely misses you.
You fail to use your ability.
The wretched star pulses with an eldritch light!
You feel your magical essence link to your wands.
The tentacled starspawn bites you!
You die...

#. # . .
..### .
#..(.## .
#.#...§##.
#....§§X#
.#
####...@#
.3#
#.#.#..##
#...§##.#
...#.....##
..#.....##
.....#...
......#.
..*.... ..
#.. . .
##..


You could see a tentacled starspawn and a wretched star.

Vanquished Creatures
  A tentacled starspawn (Abyss:2)
  Fannar (D:10)
  An ice dragon (D:11)
  Erica (D:9)
  2 centaur warriors
  Urug (D:10)
  A soul eater (Abyss:2)
  Nergalle (D:10)
  A wretched star (Abyss:2)
  3 large abominations (Abyss:2)
  Pikel (D:6)
  A hill giant (D:10)
  2 ugly things (D:11)
  Joseph (D:10)
  A smoke demon (Abyss:2)
  A gargoyle (D:10)
  A komodo dragon (D:8)
  2 hellwings (Abyss:2)
  A queen bee (D:9)
  2 trolls
  A two-headed ogre (D:10)
  3 hippogriffs
  2 wraiths
  A ynoxinul (Abyss:2)
  A wyvern (D:11)
  A vampire (D:11)
  5 humans (D:7)
  3 yaks (D:11)
  2 steam dragons (D:11)
  A neqoxec (Abyss:2)
  2 hungry ghosts
  Duvessa (D:5)
  A water moccasin (D:12)
  3 sky beasts
  3 black bears
  2 ice beasts
  3 phantoms
  4 orc warriors
  5 ogres
  2 necrophages
  7 centaurs
  2 big kobolds
  3 bullfrogs (D:8)
  Dowan (D:5)
  10 scorpions
  4 small abominations (Abyss:2)
  A water moccasin skeleton (D:11)
  36 killer bees
  4 jellies
  7 wights
  2 howler monkeys
  3 electric eels
  2 crimson imps
  2 bullfrog zombies
  2 centaur skeletons
  5 starcursed masses (Abyss:2)
  A quasit (D:11)
  2 bullfrog skeletons
  5 hounds
  6 orc priests
  An iron imp (Abyss:2)
  3 iguanas
  8 orc wizards
  11 worker ants
  2 worker ant zombies
  A howler monkey zombie (D:11)
  Robin (D:2)
  3 gnolls (D:10)
  2 howler monkey skeletons
  22 adders
  2 shadow imps (D:5)
  2 white imps (Abyss:2)
  2 ufetubi (Abyss:2)
  3 adder skeletons
  An adder zombie (D:7)
  4 worms
  4 dart slugs
  10 leopard geckos
  30 orcs
  4 giant cockroaches
  14 goblins
  11 hobgoblins
  14 jackals
  6 quokkas
  14 bats
  5 frilled lizards
  14 kobolds
  A quokka skeleton (D:5)
  9 rats
381 creatures vanquished.

Vanquished Creatures (others)
  2 fungi (D:4)
  A lurking horror (Abyss:2)
  A plant (D:8)
  2 starspawn tentacles (Abyss:2)
6 creatures vanquished.

Grand Total: 387 creatures vanquished

Notes
Turn   | Place    | Note
-------+----------+-------------------------------------------
     0 | D:1      | Inarius the Minotaur Fighter began the quest for the Orb.
     0 | D:1      | Reached XP level 1. HP: 19/19 MP: 0/0
    92 | D:1      | Reached XP level 2. HP: 22/27 MP: 1/1
   371 | D:1      | Reached skill level 4 in Shields
   913 | D:2      | Reached XP level 3. HP: 33/33 MP: 2/2
   961 | D:2      | Noticed Robin
   993 | D:2      | Killed Robin
   998 | D:2      | Reached skill level 1 in Dodging
  1355 | D:2      | Reached XP level 4. HP: 34/40 MP: 3/3
  2261 | D:3      | Reached XP level 5. HP: 46/46 MP: 4/4
  2634 | D:3      | Gained mutation: You can translocate small distances at will. [potion of mutation]
  2634 | D:3      | Gained mutation: You have a somewhat thin skeletal structure. (Dex +2, Stealth) [potion of mutation]
  2634 | D:3      | Gained mutation: [Your body sometimes deteriorates upon taking damage.] [potion of mutation]
  2635 | D:3      | Gained mutation: You tend to lose your temper in combat. [potion of mutation]
  2635 | D:3      | Lost mutation: You tend to lose your temper in combat. [potion of mutation]
  2635 | D:3      | Lost mutation: [Your body sometimes deteriorates upon taking damage.] [potion of mutation]
  2712 | D:3      | Reached skill level 5 in Shields
  3048 | D:3      | Reached XP level 6. HP: 52/52 MP: 5/5
  3101 | D:3      | Reached skill level 5 in Armour
  3370 | D:4      | Reached skill level 1 in Short Blades
  3370 | D:4      | Reached skill level 1 in Throwing
  3600 | D:4      | Reached XP level 7. HP: 33/60 MP: 6/6
  3917 | D:4      | Reached skill level 6 in Shields
  4638 | D:5      | Entered Level 5 of the Dungeon
  4999 | D:5      | Noticed Duvessa
  5000 | D:5      | Noticed Dowan
  5017 | D:5      | Killed Dowan
  5017 | D:5      | Reached XP level 8. HP: 53/67 MP: 7/7
  5026 | D:5      | Killed Duvessa
  5026 | D:5      | Reached skill level 5 in Fighting
  5026 | D:5      | Reached skill level 7 in Shields
  5211 | D:5      | Noticed Prince Ribbit
  5462 | D:5      | Reached skill level 1 in Stealth
  5812 | D:5      | Found a stormy altar of Qazlal.
  6088 | D:5      | Became a worshipper of Qazlal Stormbringer
  6317 | D:6      | Reached skill level 8 in Shields
  6322 | D:6      | Gained mutation: You have large cloven feet. [mutagenic meat]
  6323 | D:6      | Lost mutation: You have a somewhat thin skeletal structure. (Dex +2, Stealth) [mutagenic meat]
  6324 | D:6      | Gained mutation: You have a somewhat thin skeletal structure. (Dex +2, Stealth) [mutagenic meat]
  6325 | D:6      | Gained mutation: You possess an exceptional clarity of mind. [mutagenic meat]
  6605 | D:6      | Reached skill level 5 in Short Blades
  6625 | D:6      | Reached XP level 9. HP: 73/74 MP: 8/8
  6723 | D:6      | Got a bloodstained whip
  6768 | D:6      | Noticed Pikel
  6792 | D:6      | Killed Pikel
  7005 | D:6      | Identified the Volume of the Ashen Traveller
  7136 | D:6      | Identified the +6 whip of Fee Simple {vamp, Int+4} (You found it on level 6 of the Dungeon)
  7281 | D:6      | Reached skill level 9 in Shields
  7288 | D:6      | Reached * piety under Qazlal
  7458 | D:7      | Found a staircase to the Ecumenical Temple.
  7720 | D:7      | Found an ancient bone altar of Kikubaaqudgha.
  7978 | D:7      | Noticed an ice statue
  8118 | D:8      | Reached XP level 10. HP: 84/84 MP: 9/9
  8436 | D:8      | Reached skill level 10 in Shields
  8552 | D:8      | Reached ** piety under Qazlal
  8576 | D:8      | Found a snail-covered altar of Cheibriados.
  8788 | D:8      | Found a staircase to the Lair.
  9351 | D:8      | Identified a scroll of acquirement
  9354 | D:8      | Got a jewelled scimitar
  9356 | D:8      | Identified the +1 scimitar of the Elven Halls {drain, Str+5} (You acquired it on level 8 of the Dungeon)
  9886 | D:9      | Noticed Erica
  9933 | D:9      | HP: 4/86 [poisoned by Erica (bolt of poison)]
 10347 | D:9      | Killed Erica
 10543 | D:9      | Reached skill level 5 in Long Blades
 10627 | D:9      | Reached skill level 10 in Armour
 10719 | D:9      | Reached skill level 11 in Shields
 10756 | D:9      | Found an iron altar of Okawaru.
 10862 | D:9      | Found a hide-covered altar of Uskayaw.
 10862 | D:9      | Found a deep blue altar of Sif Muna.
 10862 | D:9      | Found a hazy altar of Hepliaklqana.
 10868 | D:9      | Found a radiant altar of Vehumet.
 10868 | D:9      | Found a burning altar of Makhleb.
 11196 | D:10     | Entered Level 10 of the Dungeon
 11196 | D:10     | Noticed Fannar
 11222 | D:10     | Killed Fannar
 11316 | D:10     | Noticed a gargoyle
 11326 | D:10     | Killed a gargoyle
 11326 | D:10     | Reached XP level 11. HP: 93/93 MP: 10/10
 11362 | D:10     | Noticed Nergalle
 11373 | D:10     | Killed Nergalle
 11416 | D:10     | Noticed Joseph
 11447 | D:10     | Killed Joseph
 11838 | D:10     | Noticed a centaur warrior
 11858 | D:9      | Killed a centaur warrior
 12011 | D:9      | Reached *** piety under Qazlal
 12011 | D:9      | Reached skill level 12 in Shields
 12823 | D:11     | Noticed a hill giant
 12872 | D:10     | Noticed Urug
 12887 | D:10     | Killed Urug
 13216 | D:10     | Killed a hill giant
 13324 | D:11     | Noticed a cyan ugly thing
 13336 | D:11     | Killed a cyan ugly thing
 13508 | D:11     | Found Sigyud's Antique Armour Emporium.
 13554 | D:11     | Reached **** piety under Qazlal
 13574 | D:11     | Noticed a cyan ugly thing
 13598 | D:11     | Killed a cyan ugly thing
 13617 | D:11     | Gained mutation: You have a pair of large horns on your head. [mutagenic meat]
 13661 | D:11     | Got a shimmering lajatang
 13673 | D:11     | Identified the +5 lajatang of Jadinniu {speed, -Tele rF+ rN+++ MR-} (You acquired it on level 11 of the Dungeon)
 13911 | D:11     | Found a radiant altar of Vehumet.
 14028 | D:11     | Noticed an ice dragon
 14060 | D:11     | Killed an ice dragon
 14060 | D:11     | Reached XP level 12. HP: 46/104 MP: 11/11
 14713 | D:11     | Noticed a centaur warrior
 14722 | D:11     | Killed a centaur warrior
 14986 | D:11     | Reached skill level 5 in Throwing
 15012 | D:12     | Noticed Sonja
 15137 | D:11     | Reached skill level 10 in Long Blades
 15137 | D:11     | Reached skill level 13 in Shields
 15303 | D:12     | Cast into level 2 of the Abyss (Sonja)
 15327 | Abyss:2  | Noticed a tentacled starspawn
 15342 | Abyss:2  | Killed a tentacled starspawn
 15432 | Abyss:2  | Noticed a starcursed mass
 15436 | Abyss:2  | Noticed a starcursed mass
 15458 | Abyss:2  | Killed a starcursed mass
 15478 | Abyss:2  | Found a corrupted altar of Lugonu.
 15532 | Abyss:2  | HP: 5/105 [large abomination (13)]
 15557 | Abyss:2  | Reached ***** piety under Qazlal
 15725 | Abyss:2  | Noticed a tentacled starspawn
 15728 | Abyss:2  | HP: 4/106 [tentacled starspawn (10)]
 15730 | Abyss:2  | Slain by a tentacled starspawn

Skill      XL: |  1  2  3  4  5  6  7  8  9 10 11 12 |
---------------+-------------------------------------+-----
Shields        | 4 5 6 8 9 11 12 13 | 13.9
Fighting       | 4 5 6 7 9 |  9.8
Armour         | 4 5 6 7 8 10 11 | 11.8
Long Blades    | 3 4 5 9 11 | 11.3
Dodging        | 1 2 3 |  3.2
Short Blades   | 2 3 5 7 8 |  8.3
Throwing       | 1 2 3 4 5 |  5.4
Stealth        | 1 |  1.1
Invocations    | |  0.4

Action                   |  1- 3 |  4- 6 |  7- 9 | 10-12 || total
-------------------------+-------+-------+-------+-------++-------
Melee: Long sword        |   103 |    43 |       |       ||   146
       Headbutt          |    10 |    29 |   106 |   202 ||   347
       Short sword       |       |   193 |   437 |    78 ||   708
       Kick              |       |       |    84 |   144 ||   228
       Scimitar          |       |       |       |   296 ||   296
       Double sword      |       |       |       |   269 ||   269
Throw: Tomahawk          |       |    20 |    47 |    57 ||   124
       Javelin           |       |       |       |    12 ||    12
Invok: Upheaval          |       |       |       |     2 ||     2
       Elemental Force   |       |       |       |     1 ||     1
  Use: Scroll            |     5 |     2 |     1 |    10 ||    18
       Potion            |     1 |     2 |     2 |    10 ||    15
  Eat: Chunk             |     2 |     7 |    13 |    29 ||    51
       Bread ration      |       |       |     1 |       ||     1
       Royal jelly       |       |       |     1 |       ||     1
       Meat ration       |       |       |       |     2 ||     2
       Beef jerky        |       |       |       |     2 ||     2
Armor: Scale mail        |    39 |    31 |       |       ||    70
       Plate armour      |       |   118 |   131 |   299 ||   548
Dodge: Dodged            |    34 |    71 |    79 |   177 ||   361
       Deflected         |       |       |       |     8 ||     8
Block: Shield            |    64 |   148 |   195 |   650 ||  1057
       Rpst.: Long sword |    11 |     5 |       |       ||    16
       Scimitar          |       |       |       |    20 ||    20
       Double sword      |       |       |       |    23 ||    23
